[Event "HSK GM Invitational 2022"]
[Site "Hamburg"]
[Date "2022.05.30"]
[Round "6.4"]
[White "Trent, Lawrence"]
[Black "Kotronias, Vasilios"]
[Result "0-1"]
[ECO "B30"]
[WhiteElo "2398"]
[BlackElo "2465"]
[Annotator "TA"]
[PlyCount "56"]
[EventDate "2022.05.20"]
[EventType "tourn"]
[EventCountry "GER"]
[SourceTitle "playchess.com"]
[Source "ChessBase"]
[SourceQuality "1"]
[TimeControl "40/5400+30:1800+30"]

1. e4 c5 2. Nc3 Nc6 3. Bb5 Nd4 4. Nf3 e6 5. O-O a6 6. Bd3 Nc6 {[%emt 0:00:24] B30: Sicilian: 2...Nc6 3 Bb5, lines without ...g6.} 7. b3 {[%emt 1:33:28] 7.e5 is more advanced technology.} d6 8. Bb2 Nf6 {[%emt 0:02:14] The position is equal.} 9. Re1 Qc7 10. Bf1 Be7 11. Ne2 {[%emt 0:00:00] [#]} O-O $146 ({Predecessor:} 11... Nxe4 12. Bxg7 Rg8 13. Bb2 Bd7 14. Ng3 Nxg3 15. hxg3 e5 16. a3 f5 17. d4 cxd4 {0-1 (31) Iuldachev,S (2511)-Bocharov,D (2592) New Delhi 2010}) 12. Ng3 (12. d4 {looks sharper.} Nxe4 13. d5 exd5 14. Nf4) 12... b5 13. c3 Bb7 14. d4 d5 15. e5 Ne4 16. Bd3 Nxg3 17. hxg3 c4 18. Bc2 a5 19. bxc4 dxc4 20. Nd2 (20. Bc1 $5 ) 20... Rfd8 21. Qe2 ({Reject} 21. Qh5 g6 22. Qe2 Nxd4 $1 23. cxd4 c3 24. Bxc3 Qxc3 $17) 21... b4 $1 22. d5 (22. Rac1 $142) 22... exd5 $17 {[%emt 0:01:43] Threatens to win with ...d4.} 23. e6 {[%emt 0:00:38] [#]} (23. cxb4 $142 Bxb4 24. Rad1) 23... Bf6 $1 $19 ({Not} 23... Bg5 24. Qh5 Bh6 25. Nf3 $16) 24. Bf5 $2 (24. Nxc4 {was called for.} dxc4 25. Qxc4) 24... fxe6 25. Qxe6+ Kh8 26. Nf3 Qe7 27. Rac1 Qxe6 28. Bxe6 d4 {[%emt 0:01:25] Weighted Error Value: White=0.31/Black=0.14 (very precise)} 0-1

[Event "HSK GM Invitational 2022"]
[Site "Hamburg"]
[Date "2022.05.24"]
[Round "6.5"]
[White "Mendonca, Leon Luke"]
[Black "Carlstedt, Jonathan"]
[Result "1-0"]
[ECO "A77"]
[WhiteElo "2551"]
[BlackElo "2444"]
[Annotator "TA"]
[PlyCount "117"]
[EventDate "2022.05.20"]
[EventType "tourn"]
[EventCountry "GER"]
[SourceTitle "playchess.com"]
[Source "ChessBase"]
[SourceQuality "1"]
[TimeControl "40/5400+30:1800+30"]

1. d4 Nf6 2. c4 e6 3. Nf3 c5 4. d5 exd5 5. cxd5 d6 6. Nc3 g6 7. Nd2 Nbd7 8. e4 a6 9. a4 Bg7 10. Be2 O-O 11. O-O Re8 12. h3 Rb8 13. Qc2 Qc7 {[%emt 0:03:27] A77: Modern Benoni: Classical: 9...Re8 10 Nd2: 10...a6 and 10...Nbd7.} (13... Ne5 $11) 14. Re1 g5 (14... c4 $14) 15. Nc4 $16 h6 {[%emt 0:03:13] [#] White is better.} 16. f4 $146 (16. a5 $16) ({Predecessor:} 16. a5 b5 17. axb6 Nxb6 18. Na5 Ra8 19. Bd2 Bd7 20. Ra3 Re7 21. Bf3 Re5 22. Rea1 {1-0 (43) Radovanovic,M (2408)-Pikula,D (2466) Valjevo 2018}) 16... b5 $11 17. axb5 (17. fxg5 hxg5 18. axb5 axb5 $15) 17... axb5 18. Na5 (18. fxg5 hxg5 19. Ne3 b4 $11) 18... c4 19. Nc6 Rb7 20. fxg5 {[%emt 0:07:07] White is more active.} hxg5 21. Bxg5 Nh7 (21... Nb8 $16 {might work better.}) 22. Bf4 $18 Ne5 23. Kh2 (23. Bxe5 $142 Bxe5 24. Kh1) 23... Bd7 (23... Nxc6 $16 24. dxc6 Qxc6) 24. Nxe5 Bxe5 25. Rf1 b4 (25... Qd8 $142 26. Bxe5 Rxe5) 26. Nd1 (26. Bxe5 $18 Rxe5 27. Nd1) 26... c3 (26... Bg7 $16 27. Qxc4 (27. Bxc4 Nf6 $16) 27... Qxc4 28. Bxc4 Bb5) 27. Bxe5 Rxe5 28. bxc3 b3 29. Qd2 Qd8 30. Qf4 f5 31. Bd3 fxe4 32. Bxe4 ({Not} 32. Ba6 Rb8 $16) 32... Ng5 {[%emt 0:00:29] Inhibits Qf7+.} 33. Bd3 Bc8 34. Ra8 {[%emt 0:01:54] Black must now prevent Ne3.} b2 35. Qc4 (35. Qf6 Qxf6 36. Rxf6 b1=Q 37. Bxb1 Rxb1 $18) 35... Re8 {[%emt 0:01:13] [#]} 36. Ne3 $1 Rc7 (36... Qc7 37. Qf4) 37. Qd4 {[%emt 0:00:10] Threatens to win with Ng4.} Qe7 {[%emt 0:03:05] [#]} 38. Rxc8 $1 Rexc8 39. Ng4 Nf7 {[%emt 0:00:18] Inhibits Nh6+.} 40. Nf6+ Kf8 {[%emt 0:01:28] ...Qe5+ is the strong threat.} 41. Ng4 {[%emt 0:09:55] Inhibits Qe5+.} (41. Qg4 $18 Qe5+ 42. Kh1) 41... Ke8 $2 (41... Kg8 $11 42. Rf6 Ne5 43. Nh6+ Kh8) 42. Qg7 $2 $40 {[%emt 0:09:43][%mdl 128] White wants a kill.} (42. Bg6 {Intending Qh8+ and mate.} b1=Q 43. Rxb1) 42... Kd8 43. Rf6 {[%emt 0:04:00] aiming for Re6. Really sharp!} ({Resist} 43. Bb5 $6 Ra7 $16) 43... Rd7 {[%emt 0:04:25] Hoping for ...Ne5.} 44. Re6 {[%emt 0:02:21] Prevents Ne5.} Qg5 (44... Qh4) 45. Qd4 Rb8 46. Rg6 Qxg6 47. Bxg6 b1=Q 48. Bxb1 Rxb1 49. h4 Rb2 50. h5 Re7 51. h6 Ree2 52. Qf6+ Ke8 53. h7 Rxg2+ 54. Kh3 Rg1 55. h8=Q+ Nxh8 56. Qxh8+ {[%emt 0:00:03] White is clearly winning.} Kd7 57. Qg7+ Kc8 58. Qf8+ Kb7 59. Qe7+ {[%emt 0:00:19] Weighted Error Value: White=0.59/Black=0.80} 1-0

[Event "HSK GM Invitational 2022"]
[Site "Hamburg"]
[Date "2022.05.25"]
[Round "7.1"]
[White "Svane, Frederik"]
[Black "Prohaszka, Peter"]
[Result "1-0"]
[ECO "B13"]
[WhiteElo "2501"]
[BlackElo "2579"]
[Annotator "TA"]
[PlyCount "75"]
[EventDate "2022.05.20"]
[EventType "tourn"]
[EventCountry "GER"]
[SourceTitle "playchess.com"]
[Source "ChessBase"]
[SourceQuality "1"]
[TimeControl "40/5400+30:1800+30"]

1. e4 c6 2. Nf3 d5 3. exd5 cxd5 4. d4 Nc6 5. c3 Bf5 6. Qb3 {[%emt 0:00:12] B13: Caro-Kann: Exchange Variation and Panov-Botvinnik Attack.} Qd7 7. Nh4 {[%emt 0:00:05] is the legacy move (7.Bb5).} Bg6 8. Be2 {[%emt 0:00:10] The position is equal.} e6 9. Nd2 {[%emt 0:00:16] [#]} Bd6 $146 ({Predecessor:} 9... O-O-O 10. O-O Nf6 11. Ndf3 Ne4 12. Nxg6 hxg6 13. Re1 Bd6 14. h3 Kb8 15. a4 Ka8 {½-½ (50) Tylecek,D (2189)-Jarabinsky,M (2284) LSS email 2018}) 10. O-O Nge7 11. Nxg6 hxg6 12. Nf3 f6 13. h3 O-O-O 14. Qa4 Kb8 15. Re1 g5 16. Bf1 $2 (16. b4 $11 {and White has nothing to worry.} Nf5 17. Bd1) 16... Nf5 (16... g4 $1 $19 17. hxg4 e5) 17. Qc2 Qc7 {[%emt 0:15:10][%cal Og5g4] Threatens to win with ...g4!} 18. Bd3 (18. Rxe6 $2 Ncxd4 $1 19. Qd3 Nxe6 $19) 18... g6 ({Black should play} 18... g4 $1 $17 19. hxg4 (19. Rxe6 gxf3 20. Bxf5 g6 $11) 19... Nh4) 19. Rxe6 $11 g4 $1 20. hxg4 Qh7 21. Kf1 Nh4 {[%emt 0:01:48] [#]} (21... Nfxd4 $11 {and Black stays safe.} 22. cxd4 Qh1+ 23. Ke2 Rhe8) 22. Ng1 (22. Rxf6 $2 Nxf3 23. Rxf3 (23. gxf3 $2 Rde8 $19) 23... Qh1+ 24. Ke2 Rde8+ 25. Be3 Qxa1 $19) ({White should try} 22. Rxd6 $1 $18 Rxd6 (22... Nxf3 23. Rxd8+) 23. Ng1 (23. Bf4 Nxf3 24. Bxd6+ Ka8 $11) 23... Nxg2 24. f3) 22... Bh2 $16 23. Re3 (23. Rxf6 Bxg1 24. Qe2 (24. Kxg1 $2 Nf3+ 25. Kf1 Qh1+ 26. Ke2 Ncxd4+ 27. cxd4 Nxd4+ 28. Kd2 Nxc2 $19) (24. Bxg6 Nxg6 25. Qxg6 Qh1 $17) (24. Bf4+ Ka8 $15) 24... Rde8 25. Bf4+ Ka8 $17) 23... Bxg1 24. Rh3 $36 {[%emt 0:00:02][%mdl 2048] aiming for Bf4+. White is in control.} (24. Kxg1 {[#]} Nxg2 $1 25. f3 Nxe3 $19) 24... Qd7 25. Kxg1 $18 Qxg4 26. f3 Qd7 27. Bf4+ Ka8 28. Bh2 g5 29. Qf2 f5 $2 (29... Ne7 {was worth a try.} 30. f4 Neg6) 30. f4 Ng6 31. fxg5 Nce7 32. Rh6 {[%emt 0:00:28] White is clearly winning.} Rxh6 (32... Rhg8 $142 33. Rf1 f4 34. Bxf4 Rdf8) 33. gxh6 Rh8 34. Re1 a6 35. Qe3 Nc6 36. Qg5 Nge7 37. Qf6 Qd8 38. Bd6 {[%emt 0:01:18] Weighted Error Value: White=0.20 (precise) /Black=0.43} 1-0

[Event "HSK GM Invitational 2022"]
[Site "Hamburg"]
[Date "2022.05.25"]
[Round "7.2"]
[White "Kotronias, Vasilios"]
[Black "Colpe, Malte"]
[Result "1/2-1/2"]
[ECO "B90"]
[WhiteElo "2465"]
[BlackElo "2348"]
[Annotator "TA"]
[PlyCount "117"]
[EventDate "2022.05.20"]
[EventType "tourn"]
[EventCountry "GER"]
[SourceTitle "playchess.com"]
[Source "ChessBase"]
[SourceQuality "1"]
[TimeControl "40/5400+30:1800+30"]

1. e4 c5 2. Nf3 d6 3. d4 cxd4 4. Nxd4 Nf6 5. Nc3 a6 6. Be3 e5 7. Nf3 Be7 8. Bc4 Be6 9. Bxe6 {[%emt 0:01:20] B90: Sicilian Najdorf: Unusual White 6th moves, 6 Be3 Ng4 and 6 Be3 e5.} fxe6 10. Ng5 Qd7 11. Qf3 {[%emt 0:00:10] next Qh3 is good for White.} d5 12. exd5 (12. O-O-O $5 d4 13. Bxd4 exd4 14. e5 $11) 12... exd5 13. O-O-O d4 14. Nce4 O-O 15. Bd2 $36 {[%emt 0:01:11][%mdl 2048] White has the initiative.} Nxe4 16. Qb3+ Kh8 17. Nxe4 Nc6 18. f3 b5 {[%emt 0:01:55] [#]} 19. h4 $146 ({Predecessor:} 19. Kb1 a5 20. h4 a4 21. Qd3 b4 22. Ng5 Qf5 23. Qb5 Qd7 24. Qd3 Qf5 25. Qb5 Qd7 26. Qd3 {½-½ (26) Sziva,E (2250)-Savova,S (2240) Brno 1989}) 19... Rac8 20. Kb1 b4 21. Qd3 {[%emt 0:01:49] White is more active.} Qd5 22. Ng5 (22. Qxa6 $2 Ra8 23. Qxa8 Rxa8 $19) 22... Qg8 23. Rde1 (23. Qxa6 $2 Ra8 $1 24. Qxa8 Rxa8 $19) 23... a5 24. f4 Bxg5 (24... exf4 $14 25. Re4 h6) 25. hxg5 $16 exf4 (25... g6 $16) 26. g6 $18 h6 27. g4 (27. Qe4 $18) 27... Qd5 $1 $11 (27... f3 $2 28. Bxh6 $1 gxh6 29. Rxh6+ Kg7 30. Reh1 $18 (30. Rh7+ Qxh7 31. gxh7 Rce8 $18)) 28. g5 (28. Rh5 $5 Qd7 29. Rf5 $11) 28... Qxg5 {[%emt 0:11:22] ...Qf5 is the strong threat.} 29. Reg1 $1 Qf6 30. Rh5 (30. Rxh6+ $1 $11 {and White stays safe.} gxh6 31. g7+ Qxg7 32. Rxg7 Kxg7 33. Qh3) 30... Ne5 $19 31. Qe4 (31. Qxd4 $142 Rcd8 32. Qxe5 Qxe5 33. Rxe5 Rxd2 34. Kc1) 31... Rce8 $1 {[%emt 0:03:39] Strongly threatening ...Nc4.} 32. Bc1 (32. Rxh6+ $142 gxh6 33. g7+ Qxg7 34. Rxg7 Kxg7 35. Qxd4 (35. Bxf4 $2 Nf3 $19)) 32... Re7 33. b3 $2 {[%emt 0:00:32] [#]} (33. Qxd4 Nxg6 34. Qf2) 33... Nc4 $1 34. Qd3 (34. Qxf4 Na3+) 34... Ne3 {[%emt 0:00:47] aiming for ...f3.} 35. Bb2 Nf5 36. Qf3 Ng3 37. Rxa5 Ne2 38. Re1 Nc3+ 39. Bxc3 bxc3 40. Rd1 Re3 41. Qf1 f3 42. Ra6 Qe5 43. a4 d3 44. Ka2 d2 45. Ra7 Re1 (45... Qe4 $142 46. Rc1 Re1 47. Rf7 Rxf7 48. Rxe1 dxe1=Q 49. Qxe1 Qxe1 50. gxf7 Qe7 51. Kb1 f2 52. Ka2 f1=Q 53. f8=Q+ Qexf8 54. a5 Qc1 55. a6 Qb2#) 46. Rf7 Rg8 47. Qxf3 Rxd1 48. Qxd1 {[%emt 0:00:06][%mdl 4096] Endgame KQR-KQR} Qe4 49. Rd7 Qxg6 50. Rd3 Rc8 51. Qf3 Qg1 52. Rd6 Qg5 {[%emt 0:05:10] And now ...Rd8 would win.} (52... Qc1 53. Rxh6+ gxh6 54. Qf6+ Kh7 55. Qf7+ Kh8 56. Qf6+ Kh7 57. Qf7+ Kh8 58. Qf6+ $11) 53. Qd3 Qe7 $2 (53... Rf8 $19 54. b4 (54. Qxc3 Rd8 $19) 54... Qe7) 54. Qd4 {[%emt 0:00:46] [#]} (54. a5 $11) 54... Qg5 (54... h5 $1 $17 {Threatens to win with ...Qg5.} 55. a5 (55. Rh6+ Kg8 $11) 55... h4) 55. b4 Qf5 56. Kb3 {[%emt 0:00:12] [#]} (56. Ka3 $1 $11) 56... Qf7+ (56... Qf1 $142 $1 {[%cal Rf1b1] ( -> ...Qb1+)} 57. Ka2 Kh7 58. Qe4+ Kg8) 57. Ka3 $17 Kh7 (57... h5 $17 {Hoping for ...Qf1.} 58. a5 Qf3) 58. Qd3+ Kg8 59. a5 {[%emt 0:03:50] Black had all chances to win.  Weighted Error Value: White=0.71/Black=0.35} 1/2-1/2

[Event "HSK GM Invitational 2022"]
[Site "Hamburg"]
[Date "2022.05.25"]
[Round "7.3"]
[White "Koellner, Ruben Gideon"]
[Black "Trent, Lawrence"]
[Result "0-1"]
[ECO "D35"]
[WhiteElo "2440"]
[BlackElo "2398"]
[Annotator "TA"]
[PlyCount "78"]
[EventDate "2022.05.20"]
[EventType "tourn"]
[EventCountry "GER"]
[SourceTitle "playchess.com"]
[Source "ChessBase"]
[SourceQuality "1"]
[TimeControl "40/5400+30:1800+30"]

1. d4 d5 2. c4 e6 3. Nc3 Nf6 4. cxd5 exd5 5. Bg5 Bb4 6. e3 h6 7. Bh4 g5 {[%emt 0:00:01] D35: Queen's Gambit Declined: Exchange Variation.} 8. Bg3 Ne4 9. Qb3 c5 {[%emt 0:01:03] White has an edge.} 10. dxc5 {[%emt 0:18:56] [#]} Nc6 $146 ({Predecessor:} 10... Qa5 11. Rc1 Nc6 12. a3 Bxc3+ 13. bxc3 Nxc5 14. Qb2 Bf5 15. Nf3 O-O-O 16. Ne5 Nxe5 17. Bxe5 {1-0 (55) Khenkin,I (2594)-Margraf,D (2277) Saarbruecken 2015}) 11. Nge2 Qa5 (11... O-O $15) 12. O-O-O ({White should try} 12. a3 $14) 12... Be6 $11 13. Nxe4 dxe4 14. Qc2 Rc8 (14... Qxc5 15. Qxc5 Bxc5 16. h4 $11) (14... Qxa2 $5 15. Nd4 Nxd4 16. Rxd4 Qa1+ 17. Qb1 Qxb1+ 18. Kxb1 Bxc5 19. Rxe4 (19. Bb5+ Kf8 $15) 19... O-O $15) 15. Nc3 $1 (15. Qxe4 O-O 16. Bd6 Rfd8 $17) 15... Bxc5 (15... Qxc5 $11 16. Kb1 f5) 16. Qxe4 $16 (16. Nxe4 $2 Nb4 17. Nd6+ (17. Nf6+ $2 Ke7 $19) 17... Bxd6 18. Qxc8+ Bxc8 $19) 16... Nb4 (16... Be7 $16) 17. Kb1 $1 $18 Be7 18. Qe5 (18. Bb5+ $18 {was the only winning move.} Nc6 19. Rd4) 18... Bxa2+ $19 19. Kc1 {[%emt 0:00:00] [#]} Rxc3+ $1 20. Qxc3 (20. bxc3 Qa3+ 21. Kd2 Qb2+ 22. Ke1 Nc2+ 23. Kd2 Nd4+ 24. Kd3 (24. Ke1 $2 Qxc3+ 25. Rd2 Qc1+ 26. Rd1 Nc2+ 27. Ke2 Bc4+ 28. Kf3 Qxd1+ $19) 24... Qc2+ 25. Kxd4 Qxd1+ 26. Bd3 Qg4+ 27. e4 Qd7+ 28. Ke3 O-O $11) 20... O-O $40 {[%emt 0:00:06][%mdl 128] Black has strong attack.} 21. Bc7 (21. Rd7 $2 Be6 $1 22. Bc4 Bxd7 $19) 21... Qa4 {[%emt 0:00:20][%mdl 1024] aiming for ...Bb3. Black has strong compensation.} (21... Qf5 $2 22. e4 Qe6 23. Rd4) 22. Rd4 Rc8 23. Kd2 Be6 (23... Bd5 $19 {Threatens to win with ...Qd7.} 24. Be2 Qd7) 24. Bd3 $15 a5 {[%emt 0:00:29] Strongly threatening ...Qe8. Dancing on a razor blade.} 25. Rc1 (25. Ke2 Qe8 26. h4 g4 $19) (25. h4 $1 $11 {keeps the balance.} gxh4 26. f4 (26. Ke2 Qe8 $17)) 25... Qe8 $1 $17 ({But not} 25... Bf6 $6 26. Qa3 Qe8 27. Rd6 $11 (27. Qxa5 Nc6 $11) (27. Bxa5 Rxc1 28. Kxc1 Qc6+ 29. Kd1 Nxd3 $15)) 26. Bb1 Bf6 {[%emt 0:02:55] ...Nd5 is the strong threat.} 27. Qa3 (27. Qc5 $17) 27... Bxd4 $19 28. exd4 {[%emt 0:00:02] [#]} Qd7 $1 ({Weaker is} 28... Bg4 29. f3 Qd7 30. Be5 Rxc1 31. Kxc1 $11) 29. Be5 Rxc1 30. Kxc1 {[%emt 0:00:02] [#]} Qc6+ (30... Qb5 $1 $19 {[%cal Rb5f1] is more deadly. ( -> ...Qf1+)} 31. Qf3 Qf1+ 32. Qd1 Qxf2) 31. Kd2 $17 Qxg2 {[%emt 0:00:30] Black is more active.} 32. Qg3 (32. Qe3 $17) 32... Qf1 $19 33. Bf6 $2 (33. Be4 Na2 34. d5 Qc1+ 35. Ke2 Qc4+ 36. Kd2) 33... Qxb1 34. Qb8+ Kh7 {[%emt 0:00:00] Black mates.} 35. Qh8+ Kg6 36. Qg7+ Kh5 37. f4 Qd3+ 38. Ke1 Qe3+ 39. Kf1 Bh3# {[%emt 0:00:34] Weighted Error Value: White=0.55/Black=0.27 (precise)} 0-1

[Event "HSK GM Invitational 2022"]
[Site "Hamburg"]
[Date "2022.05.25"]
[Round "7.4"]
[White "Carlstedt, Jonathan"]
[Black "Souleidis, Georgios"]
[Result "1-0"]
[ECO "D24"]
[WhiteElo "2444"]
[BlackElo "2430"]
[Annotator "TA"]
[PlyCount "89"]
[EventDate "2022.05.20"]
[EventType "tourn"]
[EventCountry "GER"]
[SourceTitle "playchess.com"]
[Source "ChessBase"]
[SourceQuality "1"]
[TimeControl "40/5400+30:1800+30"]

1. d4 d5 2. Nf3 Nf6 3. c4 dxc4 4. Nc3 a6 5. a4 Nc6 6. e4 Bg4 7. d5 {[%emt 0:03:20] D24: Queen's Gambit Accepted: 3 Nf3 Nf6 4 Nc3.} Na5 8. e5 {[%emt 0:02:48] [#]} Nd7 $146 (8... Nb3 9. exf6 Nxa1 10. Bxc4 $11) ({Predecessor:} 8... Nb3 9. exf6 Nxa1 10. Bxc4 Bxf3 11. gxf3 Qd6 12. Bd2 Qb4 13. b3 Qa3 14. fxe7 Bxe7 {1-0 (39) Voinov,S (2264)-Velikanov,I (2248) Kolomna 2008}) 9. Bf4 ({White should play} 9. h3 Bxf3 10. Qxf3) 9... g5 (9... Nb3 $6 10. Rb1 g5 11. Bg3 $11 (11. Bxc4 Na5 $17)) (9... e6 $17 10. h3 Bh5) 10. e6 $1 $11 (10. Bxg5 Bg7 11. Be2 Bxf3 12. Bxf3 Nxe5 $15) 10... fxe6 (10... gxf4 11. exf7+ Kxf7 12. Ng5+ Kg6 13. Qxg4 $16) 11. h3 {[%emt 0:09:33] Threatens to win with Bh2.} Bh5 (11... gxf4 12. hxg4 Bg7 13. Ng5 $15) 12. Bh2 (12. Bxg5 Bg7 13. Be3 (13. dxe6 Nc5 $17) 13... Nb3 $17) (12. dxe6 $5 gxf4 13. Qd5 $17) 12... Bg7 13. Be2 (13. dxe6 $11 Nc5 14. Qxd8+ Rxd8 15. Bxc7) 13... h6 $2 (13... Nc5 $1 $17 {Strongly threatening ...Bxf3.} 14. O-O (14. Nxg5 $2 Bxe2 15. Kxe2 Nab3 $19) 14... Bxc3 15. bxc3 Qxd5) 14. dxe6 (14. O-O $5 ) 14... Nc5 $36 {[%emt 0:01:00][%mdl 2048] Black has some pressure.} 15. Nd5 Rc8 {[%emt 0:09:57] Hoping for ...Bxf3.} (15... Bxb2 $2 16. Bxc7 (16. Nxc7+ Kf8 $16) 16... Qc8 17. Bxa5 $18) (15... Nd3+ $2 16. Bxd3 cxd3 17. Nxc7+ Kf8 18. Nxa8 $18) 16. Ne5 (16. Be5 $1 $11 Bxf3 17. Bxg7 Bxe2 18. Qxe2 (18. Kxe2 $2 Rh7 $19) 18... Qxd5 19. Bxh8 Nd3+ 20. Kf1) 16... Bxe2 $17 17. Qxe2 O-O (17... Qxd5 18. Qh5+ Kd8 19. Nf7+ Ke8 20. Nd6+ Kd8 21. Qe8+ $3 Rxe8 22. Nf7#) 18. Rd1 {[%emt 0:00:30] Inhibits Nd3+.} (18. Nb4 $15) 18... Nd3+ $1 (18... Nxa4 $2 19. Ng6 Re8 20. Nxc7 $18) 19. Nxd3 Qxd5 20. Nf4 Qc5 21. Nd5 {[%emt 0:01:10] Prevents Qb4+.} (21. Ng6 $17) 21... c6 $2 (21... Rcd8 $19 22. Ne3 Qb4+ 23. Kf1 Rxd1+ 24. Nxd1 Nb3) 22. Nxe7+ $15 Qxe7 23. Bd6 Qf6 24. Bxf8 Rxf8 (24... Qxf8 $2 25. e7 Re8 26. exf8=Q+ $18) (24... Kxf8 25. O-O Re8 26. Rfe1 $16) 25. O-O {[%emt 0:00:09] [#] And now Rfe1 would win.} Re8 (25... Qxb2 $2 26. Qh5 Qf6 27. Rfe1 $18) (25... Qe5 $1 $17 26. Qg4 h5 27. Qxh5 Qxe6 28. Qxg5 Qf5) 26. Rfe1 $11 Nb3 (26... Qxb2 $2 27. Qh5 Rf8 28. e7 Qxf2+ 29. Kh1 $18) (26... Bf8 $11) 27. Qxc4 $14 Nd4 $1 28. Re4 {[%emt 0:02:27][%cal Rd1d4][%mdl 1024] White has compensation.} (28. e7+ $5 Kh7 29. Re4 $14) 28... Nf5 ({But not} 28... Nxe6 29. Rd7 (29. Rd6 Kf7 $11) 29... Bf8 30. Rxb7 $16) (28... b5 $1 $11 29. Qc3 Qe7 30. Rdxd4 c5) 29. Rd7 $2 (29. e7+ $1 $18 Qf7 30. Rd8) 29... Kh8 $2 (29... Re7 $1 $14) 30. Rd2 $2 (30. Rxb7 $18 Nd6 31. Qxc6) 30... Ne7 $11 31. Qb4 b5 32. axb5 (32. Qa5 $11) 32... axb5 $15 33. Qd6 Ra8 34. Re1 Bf8 (34... Qf4 $15 35. Qd7 Bf6) 35. Qd7 $11 Kg7 36. g3 Ra2 (36... Kg8 $11) 37. Re3 $14 Qf5 $2 (37... Rxb2 $2 38. Rxb2 Qxb2 39. Rf3 Qb1+ 40. Kh2 $18) ({Black should try} 37... b4 $14) 38. Kg2 $18 Ra1 {[%emt 0:00:26] ...Qb1 is the strong threat.} 39. Rdd3 {[%emt 0:00:59] aiming for Rf3. Active counter play!} Ra8 {[%emt 0:03:15] [#]} 40. Rf3 $1 Qe4 41. Rd4 Qe5 42. Rf7+ Kg8 43. Rd3 {[%emt 0:00:00] Really sharp!} Qc5 $2 (43... h5 44. Ra3 (44. Rxe7 Qe4+ 45. Kh2 Bxe7 $11) 44... Rb8) 44. Rdf3 {[%emt 0:00:00] White threatens Qd3 and mate.} h5 45. Qd3 {[%emt 0:00:00] Both players deserved the win here.  Weighted Error Value: White=0.38/Black=0.74} 1-0

[Event "HSK GM Invitational 2022"]
[Site "Hamburg"]
[Date "2022.05.25"]
[Round "7.5"]
[White "Woelk, Tom-Frederic"]
[Black "Mendonca, Leon Luke"]
[Result "0-1"]
[ECO "B12"]
[WhiteElo "2315"]
[BlackElo "2551"]
[Annotator "TA"]
[PlyCount "116"]
[EventDate "2022.05.20"]
[EventType "tourn"]
[EventCountry "GER"]
[SourceTitle "playchess.com"]
[Source "ChessBase"]
[SourceQuality "1"]
[TimeControl "40/5400+30:1800+30"]

1. e4 c6 2. d4 d5 3. e5 Bf5 4. h4 h5 5. Bd3 Bxd3 6. Qxd3 e6 7. Bg5 {[%emt 0:00:31] B12: Caro-Kann: Advance Variation.} Qb6 8. Nd2 c5 9. c4 {[%emt 0:00:05] The position is equal.} Qxb2 10. Rd1 Nc6 11. Ngf3 Nb4 {[%emt 0:05:10] 11...Nge7 is vanishing.} (11... cxd4 12. cxd5 exd5 13. e6 $16) 12. Qe2 cxd4 13. O-O $1 d3 (13... Qxa2 14. Nxd4 Qa6 15. Ra1 $14) 14. Qe3 Qa3 {[%emt 0:01:58] [#]} (14... Qxa2 $2 15. Ra1 Nc2 16. Rxa2 $18) 15. Nd4 $146 ({Predecessor:} 15. cxd5 Nxd5 16. Qe1 Bb4 17. Qe4 Qa6 18. Rb1 Nge7 19. Rxb4 Nxb4 20. Bxe7 Nd5 21. Bd6 {0-1 (43) Schulze,T (2280)-Fridman,D (2621) Magdeburg 2021}) 15... Nc2 $1 (15... Qxa2 $2 16. Ra1 Nc2 17. Rxa2 $18) 16. Qf4 Nxd4 (16... Qxa2 17. Nxc2 dxc2 18. Ra1 $14) 17. Qxd4 Bc5 (17... Qxa2 $2 18. Ra1 Qc2 19. Rfc1 $18) 18. Qf4 {[%emt 0:02:08] Black must now prevent cxd5.} Ne7 (18... Qxa2 19. Ra1 Qb2 20. cxd5 exd5 21. e6 $16 (21. Rab1 Qd4 $11)) 19. Qf3 (19. Bxe7 $11 {keeps the balance.} Bxe7 20. cxd5 exd5 21. Nb3) 19... Bb4 (19... Rd8 $17 {aiming for ...b6.} 20. Rb1 b6) 20. Bxe7 $11 {[%emt 0:05:06][%mdl 64] Remove Defender} Bxe7 21. cxd5 exd5 (21... Qxa2 22. d6 Qd5 23. dxe7 Qxf3 24. Nxf3 $18) 22. Nb3 Qb4 23. Qxd3 Qc4 24. Qb1 Qe4 (24... Bxh4 $2 25. Rd4 Bxf2+ 26. Rxf2 $18) 25. Qc1 O-O (25... Bxh4 $2 26. Rd4 Bxf2+ 27. Rxf2 Qxe5 28. Qc5 Qe1+ 29. Rf1 Qe3+ 30. Kh1 $18) ({But not} 25... Qxe5 26. Rfe1 Qd6 27. Nd4 $11) 26. Qc7 Bd8 ({Much worse is} 26... Qxh4 27. Qxb7 Rab8 28. Qxd5 $11) (26... Qb4 $15) 27. Qxb7 Bb6 {[%emt 0:00:04] White should prevent ...Rad8.} 28. Qxd5 Qxh4 29. Nc5 Rad8 30. Nd7 $1 ({Much weaker is} 30. Qe4 Qxe4 31. Nxe4 Bd4 $17) 30... Rfe8 {[%emt 0:00:08] The board is on fire.} 31. Qb5 (31. Qf3 $1 $11 {was the only way to keep the balance.}) 31... Bd4 $36 {[%emt 0:01:51][%mdl 2048] Black is on the roll.} 32. Rd3 $2 {[%emt 0:08:00][%mdl 8192] Now White is beyond hope.} (32. Qd5 $17 {nothing else works.} Bxe5 33. g3) 32... Re7 $1 $19 33. e6 Rxe6 {[%emt 0:01:11][%cal Oe6e1] Strongly threatening ...Re1!} 34. Qd5 Bb6 35. Qf3 {[%emt 0:02:51] [#]} Bc7 $1 36. g3 Qe7 37. Rfd1 Rd6 (37... h4 $142 38. Nc5 Rxd3 39. Nxd3 hxg3) 38. Nc5 Rxd3 39. Nxd3 g6 40. Nf4 Rxd1+ 41. Qxd1 {[%emt 0:30:01][%mdl 4096] Endgame KQB-KQN} Qe4 42. Nd5 Be5 {[%emt 0:07:42] Prevents Nf6+.} 43. Qd2 (43. Qb3 {might work better.}) 43... Qd4 44. Qxd4 Bxd4 {[%emt 0:00:01] KB-KN} 45. Kg2 f6 46. f4 Kf7 47. f5 $2 {[%emt 0:00:00] [#]} (47. Kf3 {is more resistant.}) 47... g5 $1 48. Nc7 Be5 49. Ne6 a5 50. a4 g4 {[%emt 0:00:04] Threatens to win with ...Ke8.} 51. Kf2 Kg8 (51... Bd6 $142 {Hoping for ...Be5.} 52. Kg2 Kg8) 52. Kg2 Kh7 {[%emt 0:00:14] And now ...Kh6 would win.} 53. Nc5 $2 (53. Nf8+ Kg7 54. Ng6) 53... Kh6 54. Ne4 h4 55. gxh4 Kh5 56. Ng3+ Kxh4 57. Ne4 g3 (57... Bb2 $142 58. Kf1 Bd4) 58. Kf3 (58. Nd2 $19 Kg4 59. Nc4) 58... Kh3 {[%emt 0:00:20] Weighted Error Value: White=0.76/Black=0.31} 0-1